[Event "Titled Tuesday Blitz April 4 Early 2023"]
[White "Akhayan, Ruben"]
[Black "Tuleyeva-Aketayeva, Dana"]
[WhiteFideId "204439"]
[BlackFideId "13701932"]
[WhiteElo "2155"]
[BlackElo "2030"]
[Result "0-1"]
[Round "11"]
[TimeControl "180+2"]
[Date "2023.04.04"]
[WhiteClock "0:00:20"]
[BlackClock "0:00:17"]

1. d4 Nf6 2. Nf3 e6 3. Bg5 Be7 4. Nc3 O-O 5. e4 d5 6. e5 Ne4 7. Bxe7 Qxe7 8. Bd3 Nxc3 9. bxc3 f5 10. exf6 Qxf6 11. O-O Nc6 12. Re1 Bd7 13. Qe2 Rae8 14. Ne5 Nxe5 15. dxe5 Qg5 16. Rab1 b6 17. Rb4 Rf4 18. g3 Ref8 19. Rxf4 Rxf4 20. Qe3 Rg4 21. f4 Qe7 22. h3 Rg6 23. Bxg6 hxg6 24. Kh2 Qa3 25. c4 Qxa2 26. cxd5 Qxd5 27. Qe4 Bc6 28. Qxd5 Bxd5 29. Ra1 a5 30. Kg1 Kf8 31. Kf2 Ke7 32. Ke3 Kd7 33. Kd3 Bg2 34. h4 Bh3 35. c4 Bf5+ 36. Kc3 Bg4 37. c5 Kc6 38. cxb6 cxb6 39. Kc4 b5+ 40. Kc3 b4+ 41. Kb3 Kb5 42. Rc1 a4+ 43. Kb2 a3+ 44. Kb3 Bf3 45. Ka2 Bd5+ 46. Ka1 b3 47. Rc3 b2+ 48. Kb1 Be4+ 0-1


[Site "https://www.chess.com"]

[Event "Titled Tuesday Blitz April 4 Early 2023"]
[White "Hartikainen, Jarmo"]
[Black "Ward, Ieuan C"]
[WhiteFideId "503134"]
[BlackFideId "406627"]
[WhiteElo "2068"]
[BlackElo "2266"]
[Result "0-1"]
[Round "11"]
[TimeControl "180+2"]
[Date "2023.04.04"]
[WhiteClock "0:00:02"]
[BlackClock "0:00:09"]

1. e4 b6 2. d4 Bb7 3. Bd3 e6 4. Qe2 Nf6 5. Nf3 c5 6. c3 d6 7. h3 Be7 8. Bf4 O-O 9. Nbd2 Nc6 10. O-O h6 11. Rac1 a5 12. Rfe1 Rc8 13. e5 Nd5 14. Qe4 f5 15. exf6 Rxf6 16. Bg3 cxd4 17. cxd4 Ncb4 18. Qh7+ Kf7 19. Bb1 Rxc1 20. Rxc1 Qg8 21. Qxg8+ Kxg8 22. Ne4 Rg6 23. Nxd6 Rxg3 24. Nxb7 Rxf3 25. gxf3 Nf4 26. Rc7 Bf6 27. Bg6 Nxg6 28. Rd7 Nf4 29. a3 Nbd3 30. Kh2 Nxf2 31. Rd6 N2xh3 32. Rxb6 Bxd4 33. Rc6 Bxb2 34. Kg3 Bxa3 35. Rc8+ Kh7 36. Nxa5 e5 37. Nc4 Bb4 38. Nxe5 Be1+ 39. Kh2 Ng5 40. Rc4 Nfe6 41. f4 Bc3 42. Kg2 Bxe5 43. fxe5 Kg6 44. Kg3 Kf5 45. Rc8 Kxe5 46. Kg4 Kf6 47. Kh5 Nf4+ 48. Kg4 h5+ 49. Kxf4 Ne6+ 50. Kg3 g5 51. Rh8 Kg6 52. Rg8+ Ng7 53. Kf3 Kf6 54. Kg3 Kf5 55. Kg2 Ne6 56. Rh8 Kg4 57. Re8 Nf4+ 58. Kh2 h4 59. Rg8 Ne2 60. Rg7 Nd4 61. Kg2 Nf5 62. Rg8 Kf4 63. Rf8 g4 0-1


[Site "https://www.chess.com"]

[Event "Titled Tuesday Blitz April 4 Early 2023"]
[White "Lwanga, Aguda"]
[Black "Dahlgren, James Allen"]
[WhiteFideId "10801529"]
[BlackFideId "22256873"]
[WhiteElo "1475"]
[BlackElo "2171"]
[Result "0-1"]
[Round "11"]
[TimeControl "180+2"]
[Date "2023.04.04"]
[WhiteClock "0:00:01"]
[BlackClock "0:00:06"]

1. e4 e6 2. d4 c5 3. Nf3 cxd4 4. Nxd4 Nc6 5. Nc3 Nf6 6. Nxc6 bxc6 7. Be2 d5 8. exd5 cxd5 9. Bg5 Be7 10. O-O O-O 11. Bd3 Rb8 12. b3 h6 13. Bh4 Bb7 14. Re1 Qa5 15. Ne2 e5 16. Ng3 e4 17. Bf1 Rfe8 18. Nf5 Bb4 19. Re3 Re6 20. Rg3 Ne8 21. Qh5 Bd6 22. Nxd6 Rxd6 23. a4 Rc8 24. Bb5 Bc6 25. c4 Bxb5 26. cxb5 d4 27. Qf5 Qc3 28. Rd1 Qc2 29. Re1 Re6 30. f3 e3 31. Qxc2 Rxc2 32. Rg4 d3 33. Rd4 d2 34. Rf1 e2 35. Rb1 e1=Q+ 36. Bxe1 Rxe1+ 0-1


[Site "https://www.chess.com"]